PL
BOSTON PATRIOTS @ LAS VEGAS FLAMINGOS
07/29/2034
 
TOP OF THE 1ST
Boston Patriots batting - Pitching for Las Vegas Flamingos : RHP Toddster Gordo
Pitching: RHP Toddster Gordo
Batting: LHB Manuel Carmona 0-0: Ball
1-0: Ground out 4-3 (Groundball, 4)
Batting: SHB Edward Sterrenburg 0-0: Swinging Strike
0-1: SINGLE (Line Drive, 6M)
Batting: LHB Jorge Alejándrez 0-0: Ball
Edward Sterrenburg is caught stealing 2nd base
1-0: Ball
2-0: SINGLE (Line Drive, 7S)
Batting: RHB Anselmo Berneu 0-0: Called Strike
0-1: Ball
1-1: Ball
2-1: 2-RUN HOME RUN (Flyball, 7LD), Distance : 356 ft
Batting: RHB Dennis Wacher 0-0: Ball
1-0: Ground out 6-3 (Groundball, 6)
Top of the 1st over - 2 runs, 3 hits, 0 errors, 0 left on base; Boston 2 - Las Vegas 0
BOTTOM OF THE 1ST
Las Vegas Flamingos batting - Pitching for Boston Patriots : RHP Aurelio López
Pitching: RHP Aurelio López
Batting: LHB Ruud van Ineveld 0-0: Ball
1-0: Swinging Strike
1-1: SINGLE (Groundball, 34D)
Batting: RHB Sake van Arem 0-0: Foul Ball, location: 2F
0-1: Called Strike
0-2: Ball
Ruud van Ineveld is caught stealing 2nd base
1-2: Fly out, F9 (Flyball, 9LS)
Batting: RHB Baldomero Avino 0-0: TRIPLE (Line Drive, 89XD)
Batting: LHB Victor Adams 0-0: Ball
1-0: Called Strike
1-1: Ball
2-1: Ball
3-1: SINGLE (Groundball, 6MD)
Baldomero Avino scores
Batting: LHB Ty Tomblin 0-0: Called Strike
0-1: Ball
1-1: SINGLE (Groundball, 6MD)
Victor Adams to second
Batting: RHB Xavier Hernández 0-0: Called Strike
0-1: Foul Ball, location: 2F
0-2: Ball
1-2: Ball
2-2: Ball
3-2: Foul Ball, location: 2F
3-2: Ground out 1-3 (Groundball, 13S)
Bottom of the 1st over - 1 run, 4 hits, 0 errors, 2 left on base; Boston 2 - Las Vegas 1
TOP OF THE 2ND
Boston Patriots batting - Pitching for Las Vegas Flamingos : RHP Toddster Gordo
Batting: LHB Adrián Gómez 0-0: Fly out, F7 (Flyball, 78S)
Batting: LHB Roberto Salazar 0-0: Ball
1-0: SINGLE (Line Drive, 78S)
Batting: LHB Juan Alvarado 0-0: SINGLE (Groundball, 4MD)
Roberto Salazar to second
Runner from 2nd tries for 3rd, SAFE, throw made to third
Batting: RHB Francisco Agámez 0-0: SINGLE (Groundball, 4) (infield hit)
Roberto Salazar scores
Juan Alvarado to second
Batting: LHB Manuel Carmona 0-0: Ball
Juan Alvarado is caught stealing 3rd base
1-0: Ball
2-0: TRIPLE (Line Drive, 78XD)
Francisco Agámez scores
Batting: SHB Edward Sterrenburg 0-0: Ball
1-0: Ball
2-0: Ball
3-0: Called Strike
3-1: Swinging Strike
3-2: Base on Balls
Batting: LHB Jorge Alejándrez 0-0: Ball
1-0: Swinging Strike
1-1: Ball
2-1: Foul Ball, location: 2F
2-2: Fly out, F6 (Popup, 56)
Top of the 2nd over - 2 runs, 4 hits, 0 errors, 2 left on base; Boston 4 - Las Vegas 1
BOTTOM OF THE 2ND
Las Vegas Flamingos batting - Pitching for Boston Patriots : RHP Aurelio López
Batting: SHB Glyn Bolasky 0-0: Ball
1-0: Called Strike
1-1: Called Strike
1-2: Foul Ball, location: 2F
1-2: Ball
2-2: Strikes out swinging
Batting: RHB Ellis Greenham 0-0: Ball
1-0: Ball
2-0: Ball
3-0: Called Strike
3-1: Ground out 4-3 (Groundball, 4)
Batting: RHB Sun-jae Kwak 0-0: Ball
1-0: Called Strike
1-1: Ball
2-1: Swinging Strike
2-2: Ball
3-2: Fly out, F3 (Popup, 3F)
Bottom of the 2nd over - 0 runs, 0 hits, 0 errors, 0 left on base; Boston 4 - Las Vegas 1
TOP OF THE 3RD
Boston Patriots batting - Pitching for Las Vegas Flamingos : RHP Toddster Gordo
Batting: RHB Anselmo Berneu 0-0: Ball
1-0: Called Strike
1-1: Foul Ball, location: 2F
1-2: Ball
2-2: Ball
3-2: DOUBLE (Groundball, 5L)
Batting: RHB Dennis Wacher 0-0: Ball
1-0: Swinging Strike
1-1: Ball
2-1: Called Strike
2-2: Strikes out swinging
Batting: LHB Adrián Gómez 0-0: Foul Ball, location: 2F
0-1: Ball
1-1: Called Strike
1-2: Foul Ball, location: 2F
1-2: Foul Ball, location: 2F
1-2: Foul Ball, location: 2F
1-2: Strikes out swinging
Batting: LHB Roberto Salazar 0-0: Called Strike
0-1: Ball
1-1: Called Strike
1-2: Strikes out swinging, 2-3 out at first.
Top of the 3rd over - 0 runs, 1 hit, 0 errors, 1 left on base; Boston 4 - Las Vegas 1
BOTTOM OF THE 3RD
Las Vegas Flamingos batting - Pitching for Boston Patriots : RHP Aurelio López
Batting: LHB Ruud van Ineveld 0-0: Ball
1-0: Ball
2-0: Foul Ball, location: 2F
2-1: Swinging Strike
2-2: Foul Ball, location: 2F
2-2: Strikes out looking
Batting: RHB Sake van Arem 0-0: Foul Ball, location: 2F
0-1: Ground out 4-3 (Groundball, 4)
Batting: RHB Baldomero Avino 0-0: Foul Ball, location: 2F
0-1: Ball
1-1: Swinging Strike
1-2: Strikes out swinging
Bottom of the 3rd over - 0 runs, 0 hits, 0 errors, 0 left on base; Boston 4 - Las Vegas 1
TOP OF THE 4TH
Boston Patriots batting - Pitching for Las Vegas Flamingos : RHP Toddster Gordo
Batting: LHB Juan Alvarado 0-0: Foul Ball, location: 2F
0-1: Ball
1-1: Foul Ball, location: 2F
1-2: Ground out 4-3 (Groundball, 4)
Batting: RHB Francisco Agámez 0-0: Ball
1-0: Ball
2-0: Ground out 5-3 (Groundball, 56)
Batting: LHB Manuel Carmona 0-0: Bunted foul
0-1: Ground out 6-3 (Groundball, 6M)
Top of the 4th over - 0 runs, 0 hits, 0 errors, 0 left on base; Boston 4 - Las Vegas 1
BOTTOM OF THE 4TH
Las Vegas Flamingos batting - Pitching for Boston Patriots : RHP Aurelio López
Batting: LHB Victor Adams 0-0: Called Strike
0-1: Foul Ball, location: 2F
0-2: Ball
1-2: Strikes out swinging
Batting: LHB Ty Tomblin 0-0: Called Strike
0-1: Ball
1-1: Ball
2-1: Ground out 4-3 (Groundball, 4)
Batting: RHB Xavier Hernández 0-0: Ball
1-0: Foul Ball, location: 2F
1-1: Called Strike
1-2: Ball
2-2: Strikes out swinging
Bottom of the 4th over - 0 runs, 0 hits, 0 errors, 0 left on base; Boston 4 - Las Vegas 1
TOP OF THE 5TH
Boston Patriots batting - Pitching for Las Vegas Flamingos : RHP Toddster Gordo
Batting: SHB Edward Sterrenburg 0-0: Ball
1-0: Called Strike
1-1: Ball
2-1: Called Strike
2-2: Fly out, F7 (Flyball, 7S)
Batting: LHB Jorge Alejándrez 0-0: Ball
1-0: Ball
2-0: Called Strike
2-1: Fly out, F9 (Flyball, 9LMF)
Batting: RHB Anselmo Berneu 0-0: Called Strike
0-1: Ball
1-1: Ground out 4-3 (Groundball, 4)
Top of the 5th over - 0 runs, 0 hits, 0 errors, 0 left on base; Boston 4 - Las Vegas 1
BOTTOM OF THE 5TH
Las Vegas Flamingos batting - Pitching for Boston Patriots : RHP Aurelio López
Batting: SHB Glyn Bolasky 0-0: Called Strike
0-1: Ball
1-1: Ground out 4-3 (Groundball, 4)
Batting: RHB Ellis Greenham 0-0: Fly out, F4 (Line Drive, 4)
Batting: RHB Sun-jae Kwak 0-0: Fly out, F4 (Popup, 4M)
Bottom of the 5th over - 0 runs, 0 hits, 0 errors, 0 left on base; Boston 4 - Las Vegas 1
TOP OF THE 6TH
Boston Patriots batting - Pitching for Las Vegas Flamingos : RHP Toddster Gordo
Batting: RHB Dennis Wacher 0-0: Ball
1-0: Ball
2-0: Called Strike
2-1: Ball
3-1: Fly out, F9 (Flyball, 9)
Batting: LHB Adrián Gómez 0-0: Ground out 6-3 (Groundball, 6S)
Batting: LHB Roberto Salazar 0-0: Swinging Strike
0-1: DOUBLE (Line Drive, 78D)
Batting: LHB Juan Alvarado 0-0: Foul Ball, location: 2F
0-1: Foul Ball, location: 2F
0-2: Ball
1-2: Ball
2-2: Foul Ball, location: 2F
2-2: Strikes out swinging
Top of the 6th over - 0 runs, 1 hit, 0 errors, 1 left on base; Boston 4 - Las Vegas 1
BOTTOM OF THE 6TH
Las Vegas Flamingos batting - Pitching for Boston Patriots : RHP Aurelio López
Batting: LHB Ruud van Ineveld 0-0: Swinging Strike
0-1: Called Strike
0-2: Ball
1-2: Ball
2-2: DOUBLE (Flyball, 8LXD)
Batting: RHB Sake van Arem 0-0: Called Strike
0-1: Ball
1-1: Ball
2-1: Foul Ball, location: 2F
2-2: SINGLE (Groundball, 6MD)
Ruud van Ineveld to third
Runner from 3rd tries for Home, SAFE, throw made home
Batting: RHB Baldomero Avino 0-0: Ball
1-0: SINGLE (Line Drive, 56)
Sake van Arem to second
Batting: LHB Victor Adams 0-0: Ball
1-0: Foul Ball, location: 2F
1-1: Fly out, F7 (Flyball, 7D)
Pitching: LHP Bradley Roth
Batting: LHB Ty Tomblin 0-0: Called Strike
0-1: Foul Ball, location: 2F
0-2: Ball
1-2: Fielders Choice at 2nd, 3-6 (Groundball, 34)
Sake van Arem to third
Batting: RHB Xavier Hernández 0-0: Ball
1-0: Ball
2-0: Ball
3-0: Called Strike
3-1: Base on Balls
Ty Tomblin to second
Batting: SHB Glyn Bolasky 0-0: Swinging Strike
0-1: Ball
1-1: Ball
2-1: Foul Ball, location: 2F
2-2: Strikes out looking
Bottom of the 6th over - 1 run, 3 hits, 0 errors, 3 left on base; Boston 4 - Las Vegas 2
TOP OF THE 7TH
Boston Patriots batting - Pitching for Las Vegas Flamingos : RHP Toddster Gordo
Batting: RHB Francisco Agámez 0-0: Swinging Strike
0-1: Foul Ball, location: 2F
0-2: Hit by Pitch
Batting: LHB Manuel Carmona 0-0: DOUBLE (Flyball, 78XD)
Francisco Agámez to third
Francisco Agámez scores
Pitching: RHP Seishiro Sai
Batting: SHB Edward Sterrenburg 0-0: Ball
1-0: Foul Ball, location: 2F
1-1: Ball
2-1: Ball
3-1: Base on Balls
Batting: LHB Jorge Alejándrez 0-0: Ball
1-0: Ball
2-0: Called Strike
2-1: Grounds into double play, 5-4-3 (Groundball, 56)
Manuel Carmona to third
Pitching: LHP Manuel Rodríguez
Batting: RHB Anselmo Berneu 0-0: Ball
1-0: Ball
2-0: Ball
3-0: Called Strike
3-1: Ground out 1-3 (Groundball, P)
Top of the 7th over - 1 run, 1 hit, 0 errors, 1 left on base; Boston 5 - Las Vegas 2
BOTTOM OF THE 7TH
Las Vegas Flamingos batting - Pitching for Boston Patriots : LHP Bradley Roth
Batting: RHB Ellis Greenham 0-0: Ball
1-0: Called Strike
1-1: Ball
2-1: Foul Ball, location: 2F
2-2: Foul Ball, location: 2F
2-2: Hit by Pitch
Batting: RHB Sun-jae Kwak 0-0: Ball
1-0: Ball
2-0: Ball
3-0: Base on Balls
Ellis Greenham to second
Batting: LHB Ruud van Ineveld 0-0: Called Strike
0-1: Grounds into double play, 4-6-3 (Groundball, 4)
Ellis Greenham to third
Batting: RHB Sake van Arem 0-0: Called Strike
0-1: Ball
1-1: Swinging Strike
1-2: Ball
2-2: SINGLE (Line Drive, 6MD)
Ellis Greenham scores
Batting: RHB Baldomero Avino 0-0: Called Strike
0-1: Ball
1-1: Foul Ball, location: 2F
1-2: Ball
2-2: Ball
3-2: Base on Balls
Sake van Arem to second
Batting: LHB Victor Adams 0-0: Swinging Strike
0-1: Swinging Strike
0-2: Ball
1-2: Strikes out looking
Bottom of the 7th over - 1 run, 1 hit, 0 errors, 2 left on base; Boston 5 - Las Vegas 3
TOP OF THE 8TH
Boston Patriots batting - Pitching for Las Vegas Flamingos : LHP Manuel Rodríguez
Batting: RHB Dennis Wacher 0-0: Called Strike
0-1: Swinging Strike
0-2: Ball
1-2: Strikes out swinging
Batting: LHB Adrián Gómez 0-0: Ball
1-0: Swinging Strike
1-1: Foul Ball, location: 2F
1-2: Ball
2-2: Foul Ball, location: 2F
2-2: Ball
3-2: Strikes out swinging
Batting: LHB Roberto Salazar 0-0: Foul Ball, location: 2F
0-1: Called Strike
0-2: Strikes out looking
Top of the 8th over - 0 runs, 0 hits, 0 errors, 0 left on base; Boston 5 - Las Vegas 3
BOTTOM OF THE 8TH
Las Vegas Flamingos batting - Pitching for Boston Patriots : LHP Bradley Roth
Pitching: RHP Shu-de Cui
Batting: LHB Ty Tomblin 0-0: Fly out, F3 (Line Drive, 34)
Batting: RHB Xavier Hernández 0-0: Ball
1-0: Foul Ball, location: 2F
1-1: Ground out 6-3 (Groundball, 6)
Batting: SHB Glyn Bolasky 0-0: Called Strike
0-1: Ball
1-1: Ball
2-1: Ball
3-1: Base on Balls
Batting: RHB Ellis Greenham 0-0: Swinging Strike
0-1: Ball
1-1: Foul Ball, location: 2F
1-2: Ball
2-2: Ball
3-2: SINGLE (Flyball, 34D)
Glyn Bolasky to second
Glyn Bolasky to third
Batting: RHB Sun-jae Kwak 0-0: Foul Ball, location: 2F
0-1: Ball
1-1: Ball
2-1: Ball
3-1: Called Strike
3-2: Foul Ball, location: 2F
3-2: Strikes out looking
Bottom of the 8th over - 0 runs, 1 hit, 0 errors, 2 left on base; Boston 5 - Las Vegas 3
TOP OF THE 9TH
Boston Patriots batting - Pitching for Las Vegas Flamingos : LHP Manuel Rodríguez
Batting: LHB Juan Alvarado 0-0: Ball
1-0: Called Strike
1-1: Ball
2-1: Called Strike
2-2: Hit by Pitch
Batting: RHB Francisco Agámez 0-0: Called Strike
0-1: Fielders Choice at 2nd, 1-6 (Groundball, 13S)
Batting: LHB Manuel Carmona 0-0: Ball
1-0: Foul Ball, location: 2F
1-1: Called Strike
Francisco Agámez is caught stealing 2nd base
1-2: Foul Ball, location: 2F
1-2: Ball
2-2: Strikes out swinging
Top of the 9th over - 0 runs, 0 hits, 0 errors, 0 left on base; Boston 5 - Las Vegas 3
BOTTOM OF THE 9TH
Las Vegas Flamingos batting - Pitching for Boston Patriots : RHP Shu-de Cui
Batting: LHB Ruud van Ineveld 0-0: Fly out, F9 (Line Drive, 9)
Batting: RHB Sake van Arem 0-0: Called Strike
0-1: Foul Ball, location: 2F
0-2: Ball
1-2: Ball
2-2: Strikes out swinging
Batting: RHB Baldomero Avino 0-0: Ball
1-0: Called Strike
1-1: Foul Ball, location: 2F
1-2: Ball
2-2: Fly out, F5 (Line Drive, 56)
Bottom of the 9th over - 0 runs, 0 hits, 0 errors, 0 left on base; Boston 5 - Las Vegas 3
Friday, March 29th, 2019 - OOTP Baseball 18.8 Build 76